 Dungeon Crawl Stone Soup version 0.27-a0-1325-g58a489ad9e (webtiles) character file.

Game seed: 11732270686780194761

1759 bmb222 the Thaumaturge (level 9, -10/62 HPs)
             Began as a Djinni Fire Elementalist on June 24, 2021.
             Was a Follower of Ashenzari.
             Mangled by Harold (22 damage)
             ... on level 7 of the Dungeon.
             The game lasted 00:31:54 (9334 turns).

bmb222 the Thaumaturge (Djinni Fire Elementalist)   Turns: 9334, Time: 00:31:55

Health: -10/62     AC:  6    Str: 13    XL:     9   Next: 27%
Gold:   128        EV:  7    Int: 19    God:    Ashenzari [*.....] SH:  0 Dex: 15

rFire    + + .     SeeInvis .   s - +3 short sword
rCold    x . .     Faith    .   (no shield)
rNeg     . . .     Spirit   .   a - +1 robe
rPois    ∞         Reflect  .   w - +0 helmet of the Celestial Nihilism {Melee, Cun} (curse)
rElec    .         Harm     .   b - +0 cloak
rCorr    .         Rampage  .   t - +0 pair of gloves of Ashenzari's Jealousy {Self, Fort} (curse)
Will     .....                  (boots unavailable)
Stlth    ++........             (no amulet)
HPRegen  0.20/turn              r - +6 ring of strength
MPRegen  0.00/turn              (no ring)

@: about to teleport, flying, held
A: sickness immunity, fire resistance 2, cold vulnerability 1, float, innate
caster, hp casting, extra vitality 1
a: Renounce Religion, Shatter the Chains


You were on level 7 of the Dungeon.
You worshipped Ashenzari.
Ashenzari was aware of your devotion.
You visited 2 branches of the dungeon, and saw 8 of its levels.

You collected 276 gold pieces.
You spent 148 gold pieces at shops.

Inventory:

Hand Weapons
 i - a +0 dagger
 j - a +0 trident of pain
 n - a +0 quarterstaff
 s - a +3 short sword (weapon)
 y - a +3 dagger
Armour
 a - a +1 robe (worn)
 b - a +0 cloak (worn)
 m - a +0 robe
 q - the +2 robe of Dufaph {rElec Str+4 Int-3 Dex+8}
   (You bought it in a shop on level 3 of the Dungeon)

   It affects your strength (+4).
   It affects your intelligence (-3).
   It affects your dexterity (+8).
   It insulates you from electricity.
 t - the cursed +0 pair of gloves of Ashenzari's Jealousy (worn) {Self, Fort}
   (You found it on level 4 of the Dungeon)

   It has a curse which improves the following skills: Introspection: Fighting
   and Spellcasting.
   Fortitude: Armour and Shields.
 w - the cursed +0 helmet of the Celestial Nihilism (worn) {Melee, Cun}
   (You found it on level 4 of the Dungeon)

   It has a curse which improves the following skills: Melee Combat: Short
   Blades, Long Blades, Axes, Maces & Flails, Polearms, Staves and Unarmed
   Combat.
   Cunning:   Dodging and Stealth.
Jewellery
 l - the ring "Cisonteq" {rC+++ Str-2 Int-5 Dex+7 SInv}
   (You found it on level 5 of the Dungeon)

   [ring of see invisible]

   It affects your strength (-2).
   It affects your intelligence (-5).
   It affects your dexterity (+7).
   It renders you almost immune to cold.
   It lets you see invisible.
 r - a +6 ring of strength (left hand)
Wands
 o - a wand of polymorph (3)
 A - a wand of digging (3)
Scrolls
 d - a scroll of silence
 e - 3 scrolls of enchant armour
 k - 4 scrolls of teleportation
 p - a scroll of immolation
 x - a scroll of brand weapon
 z - a scroll of magic mapping
Potions
 c - a potion of attraction
 g - a potion of curing
 h - 2 potions of degeneration
 u - a potion of mutation
 v - 2 potions of lignification


   Skills:
 + Level 2.9(3.8) Fighting
 + Level 1.4(2.1) Short Blades
 - Level 4.3(5.2) Dodging
 - Level 1.6(2.4) Stealth
 + Level 0.4(0.9) Unarmed Combat
 + Level 8.1(9.2) Spellcasting


You had one spell level left.
You knew the following spells:

 Your Spells              Type           Power      Damage    Failure   Level
a - Foxfire               Conj/Fire      100%       2x1d9     1%          1
b - Conjure Flame         Conj/Fire      43%        6-21      1%          3
c - Inner Flame           Hex/Fire       43%        N/A       1%          3
d - Sticky Flame          Conj/Fire      43%        2d6       1%          4
e - Fireball              Conj/Fire      21%        3d10      4%          5
f - Animate Skeleton      Necr           86%        N/A       1%          1
g - Passwall              Tmut/Erth      35%        N/A       1%          2
h - Mephitic Cloud        Conj/Pois/Air  43%        N/A       1%          3
i - Swiftness             Air            43%        N/A       1%          3
Your spell library was empty.

Dungeon Overview and Level Annotations

Branches:
Dungeon (7/15)             Temple (1/1) D:5

Altars:
Ashenzari
Cheibriados
Dithmenos
Elyvilon
Fedhas
Gozag
Hepliaklqana
Kikubaaqudgha
Makhleb
Nemelex Xobeh
Okawaru
Qazlal
Ru
Sif Muna
Uskayaw
Vehumet
Wu Jian
Xom
Zin
The Shining One

Shops:
D:3 [   D:5 **

Annotations:
D:7 Harold, Joseph


Innate Abilities, Weirdness & Mutations

You are immune to sickness and miasma.
You are immune to poison.
Your flesh is very heat resistant. (rF++)
You are vulnerable to cold. (rC-)
You float through the air rather than walking.
You learn spells naturally, not from books.
Your magical power is your life essence.
You have superior vitality. (+4 HP)


Message History

The stinking cloud engulfs your foxfire but does no damage.
You hear a croak.
The foxfire hits Harold but does no damage.
Harold is moderately wounded.
The foxfire hits Harold but does no damage.
Harold is moderately wounded.
Harold is engulfed in noxious fumes.
Harold appears confused.
The centaur is engulfed in noxious fumes.
The centaur appears confused.
Unknown command.
You struggle against the net.
Harold hits you with a +5 long sword of holy wrath!!
The centaur is engulfed in noxious fumes.
The centaur appears confused.
Joseph opens the door.
Unknown command.
You feel much better.
The centaur is engulfed in noxious fumes.
The centaur gestures wildly.
Harold completely misses you.
The centaur is engulfed in noxious fumes.
The centaur appears confused.
The centaur screams, "I'll kill you anyway!"
The centaur hits you but does no damage.
The centaur closely misses you.
Joseph unwields a +4 quarterstaff of draining.
Joseph wields a +0 hunting sling.
Joseph shoots a sling bullet.
The sling bullet hits you!!
As you read the scroll of teleportation, it crumbles to dust.
You feel strangely unstable.
Harold hits you with a +5 long sword of holy wrath!!
* * * LOW HITPOINT WARNING * * *
The centaur is engulfed in noxious fumes.
The centaur hits you but does no damage.
The centaur barely misses you.
You feel better.
The centaur is engulfed in noxious fumes.
The centaur appears confused.
The centaur shakes.
Harold hits you with a +5 long sword of holy wrath!!
You die...

#.....# #>.... #...
..... #... .... #... #
#.°#############... ...
#○☼#...............
....@#@°#...............
.....'c@'...............
.....#+##...............
...........###########'#
. .........# +..
.........# #..
.........# ##.
.####....# ##' #....#
+.. +....# #..


You could see Harold (confused), Joseph and a centaur (confused).

Vanquished Creatures
  Sigmund (D:3)
  Menkaure (D:4)
  Edmund (D:6)
  An ice beast (D:5)
  An ogre (D:5)
  A phantom (D:6)
  A kobold brigand (D:6)
  4 bullfrogs
  3 scorpions
  A water moccasin skeleton (D:5)
  A centaur zombie (D:6)
  2 bullfrog skeletons (D:5)
  3 hounds
  2 jellies
  Crazy Yiuf (D:3)
  An orc wizard (D:4)
  An iguana (D:5)
  A killer bee zombie (D:6)
  A hound zombie (D:5)
  2 hound skeletons (D:5)
  A howler monkey zombie (D:6)
  7 adders
  A howler monkey skeleton (D:4)
  A shadow imp (D:5)
  A white imp (D:5)
  An ufetubus (D:4)
  2 worms
  A dart slug (D:2)
  12 orcs
  2 endoplasms
  A giant cockroach (D:1)
  6 hobgoblins
  5 jackals
  12 kobolds
  7 quokkas
  5 ball pythons
  5 bats
  4 frilled lizards
  8 goblins
  9 rats
121 creatures vanquished.

Vanquished Creatures (others)
  424 foxfires
424 creatures vanquished.

Grand Total: 545 creatures vanquished

Notes
Turn   | Place    | Note
-------+----------+-------------------------------------------
     0 | D:1      | bmb222 the Djinni Fire Elementalist began the quest for the
                  | Orb.
     0 | D:1      | Reached XP level 1. HP: 15/15 MP: 0/0
   258 | D:1      | Reached XP level 2. HP: 18/21 MP: 0/0
   916 | D:1      | Reached skill level 3 in Spellcasting
  1172 | D:1      | Reached XP level 3. HP: 22/25 MP: 0/0
  1172 | D:1      | Learned a level 1 spell: Animate Skeleton
  1877 | D:2      | Found a faded altar of an unknown god.
  1917 | D:2      | Reached XP level 4. HP: 30/31 MP: 0/0
  3476 | D:3      | Reached XP level 5. HP: 33/36 MP: 0/0
  3476 | D:3      | Learned a level 2 spell: Passwall
  3571 | D:3      | Reached skill level 4 in Spellcasting
  3710 | D:3      | Found Cutso's Antique Armour Emporium.
  3715 | D:3      | Reached skill level 1 in Fighting
  3895 | D:3      | Found a runed translucent door.
  3896 | D:3      | Noticed Crazy Yiuf
  3969 | D:3      | Killed Crazy Yiuf
  4319 | D:3      | Noticed Sigmund
  4635 | D:3      | Killed Sigmund
  4636 | D:3      | Reached XP level 6. HP: 36/42 MP: 0/0
  4988 | D:4      | Reached skill level 5 in Spellcasting
  4988 | D:4      | Reached XP level 7. HP: 43/47 MP: 0/0
  4988 | D:4      | Learned a level 3 spell: Mephitic Cloud
  5168 | D:3      | Bought a colourful robe for 148 gold pieces
  5168 | D:3      | Identified the +2 robe of Dufaph {rElec Str+4 Int-3 Dex+8}
                  | (You bought it in a shop on level 3 of the Dungeon)
  5389 | D:4      | Noticed Menkaure
  5402 | D:4      | Killed Menkaure
  5902 | D:5      | Entered Level 5 of the Dungeon
  6133 | D:5      | Found a staircase to the Ecumenical Temple.
  6178 | Temple   | Entered the Ecumenical Temple
  6896 | Temple   | Became a worshipper of Ashenzari the Shackled
  6978 | D:5      | Reached XP level 8. HP: 51/54 MP: 0/0
  7023 | D:5      | Found Otsesuyz's General Store.
  7026 | D:5      | Found Zaaqeuk's Specific Store.
  7039 | D:5      | Reached skill level 6 in Spellcasting
  7312 | D:5      | Found a white marble altar of Elyvilon.
  7322 | D:5      | Identified the ring "Cisonteq" {rC+++ Str-2 Int-5 Dex+7
                  | SInv}
  7357 | D:5      | Reached skill level 1 in Short Blades
  8099 | D:6      | Noticed a gargoyle
  8120 | D:6      | Reached skill level 7 in Spellcasting
  8276 | D:6      | Noticed Edmund
  8285 | D:6      | Killed Edmund
  8373 | D:6      | Reached XP level 9. HP: 53/59 MP: 0/0
  8373 | D:6      | Learned a level 3 spell: Swiftness
  8655 | D:6      | Found a sacrificial altar of Ru.
  8951 | D:7      | Reached * piety under Ashenzari
  9051 | D:7      | Reached skill level 8 in Spellcasting
  9322 | D:7      | Noticed Harold
  9332 | D:7      | Noticed Joseph
  9333 | D:7      | HP: 3/62 [Harold (21)]
  9334 | D:7      | Mangled by Harold

Illustrated notes

Levels and vault maps discovered:
D:1:      heliophobic_arrival_ceremonial_halls, layout_basic
D:2:      layout_basic, hellmonk_ecumenical_altar_inner_sanctum,
          minmay_tetromino_o4
D:3:      layout_rooms, serial_shops, shop_statue, uniq_sigmund,
          uniq_crazy_yiuf_cottage
D:4:      layout_cave_pods, minmay_misc_feat_pillars, nrook_mini_vaults,
          uniq_menkaure
D:5:      layout_basic, lemuel_round_altar, minmay_temple_entry_sparse_star,
          nicolae_specific_store
D:6:      layout_gridville, lemuel_doored_altar, uniq_edmund
D:7:      layout_gridville, lemuel_tele_altar, gammafunk_ghost_nasty_kobolds,
          uniq_harold, uniq_joseph
Temple:   dpeg_five_rooms_temple

Skill      XL: |  1  2  3  4  5  6  7  8  9 |
---------------+----------------------------+-----
Spellcasting   | 3 4 5 7 8 |  8.1
Dodging        | 3 4 |  4.3
Fighting       | 1 2 |  2.9
Short Blades   | 1 |  1.4
Stealth        | |  1.6
Unarmed Combat | |  0.4

Action                   |  1- 3 |  4- 6 |  7- 9 || total
-------------------------+-------+-------+-------++-------
Melee: Unarmed           |     3 |       |       ||     3
       Dagger            |    10 |     9 |    13 ||    32
       Short sword       |       |       |     6 ||     6
 Cast: Foxfire           |    46 |    82 |   128 ||   256
       Animate Skeleton  |     1 |       |       ||     1
       Conjure Flame     |       |     2 |     1 ||     3
       Inner Flame       |       |     1 |       ||     1
       Mephitic Cloud    |       |       |    11 ||    11
       Sticky Flame      |       |       |     2 ||     2
       Swiftness         |       |       |     1 ||     1
Invok: Curse Item        |       |       |     2 ||     2
  Use: Potion            |       |     2 |     2 ||     4
       Scroll            |       |     2 |     1 ||     3
 Stab: Sleeping          |       |     1 |       ||     1
Armor: Robe              |    10 |     8 |    32 ||    50
Dodge: Dodged            |    26 |    47 |    64 ||   137

Table legend: (Time is in decaauts)
 A = Elapsed time spent in this place.
 B = Non-inter-level travel time spent in this place.
 C = Inter-level travel time spent in this place.
 D = Time resting spent in this place.
 E = Time spent auto-exploring this place.
 F = Levels seen in this place.
 G = Mean time per level.
                   A        B        C        D        E       F      G
               +--------+--------+--------+--------+--------+-----+--------+
         Total |   9334 |   8681 |    653 |   1879 |   4581 |   8 | 1166.8 |
       Dungeon |   8558 |   8370 |    188 |   1879 |   4365 |   7 | 1222.6 |
        Temple |    775 |    310 |    465 |      0 |    216 |   1 |  775.0 |
               +--------+--------+--------+--------+--------+-----+--------+

Top non-repeatable levels by time:
     D:2: 2248 daAuts
     D:3: 1329 daAuts
     D:1: 1253 daAuts
     D:5: 1212 daAuts
     D:4: 1072 daAuts
     D:6: 1043 daAuts
  Temple: 775 daAuts
     D:7: 399 daAuts
